Map: Moonlight Madness LE (Void)

Players

Delaunay

  • Race: Terran Terran
  • League: Bronze

Javert - Winner!

  • Race: Zerg Zerg
  • League: Platinum

VOD

Have the link to the VOD?

Description

Time

  • Played on: Aug. 22, 2015, 1:03 a.m.
  • Length: 12:02
Show
View Real Time Build Order
Export as new Build Order

Delaunay Terran 

Build Orders:  

Get SALT Encoding   

  12  0:00  SCV  
  13  0:13  SCV  
  14  0:22  Supply Depot  
  14  0:25  SCV  
  15  0:43  SCV, Refinery  
  15  0:47  Barracks  
  16  0:56  SCV  
  17  1:15  SCV  
  18  1:25  Supply Depot  
  18  1:27  SCV  
  19  1:34  Reaper  
  20  1:43  SCV  
  21  1:56  SCV  
  22  2:05  Factory  
  22  2:12  Marine  
  23  2:16  SCV  
  24  2:27  Command Center  
  24  2:30  SCV  
  25  2:43  Orbital Command  
  25  2:47  Refinery  
  25  2:48  Marine  
  25  2:49  Widow Mine  
  28  3:06  Marine  
  28  3:09  SCV  
  30  3:24  Marine  
  31  3:39  SCV  
  32  3:42  Marine  
  32  3:47  SCV  
  34  3:51  SCV  
  35  3:59  SCV  
  38  4:04  Refinery  
  38  4:11  Factory Reactor  
  38  4:12  Starport, Barracks  
  38  4:14  Armory  
  36  4:35  SCV  
  36  4:36  SCV  
  38  4:47  SCV, Liberator x2  
  39  5:01  Barracks Tech Lab  
  39  5:03  Factory Reactor  
  39  5:06  Marine  
  46  5:18  Supply Depot x2  
  46  5:21  SCV x2  
  46  5:23  Stimpack  
  46  5:24  Marauder  
  46  5:25  Marine  
  51  5:32  Liberator  
  51  5:41  Liberator  
  51  5:48  Hellbat x2  
  61  6:04  Refinery  
  61  6:05  SCV x2, Marine  
  61  6:09  Marauder  
  66  6:12  Hellbat x2  
  70  6:49  Marine  
  70  6:50  SCV x2  
  70  7:06  SCV, Medivac x2  
  70  7:07  Terran Vehicle Weapons Level 1, Marauder  
  77  7:12  SCV  
  78  7:20  Supply Depot  
  78  7:21  Supply Depot  
  78  7:22  Supply Depot  
  78  7:23  Engineering Bay  
  78  7:25  Command Center, Engineering Bay  
  78  7:40  SCV, Marine  
  78  7:41  Marauder, Medivac, Hellbat x2  
  78  7:42  SCV  
  89  7:54  SCV  
  89  7:56  Medivac  
  89  7:58  Terran Infantry Weapons Level 1, Terran Infantry Armor Level 1  
  92  8:02  Marauder  
  94  8:10  Liberator  
  94  8:11  Medivac  
  88  8:32  SCV x2  
  93  8:39  Liberator  
  91  8:54  Marine  
  91  8:55  Marauder  
  97  9:06  Barracks x2  
  97  9:08  Liberator  
  97  9:09  Barracks  
  97  9:26  Marine  
  97  9:27  Marauder  
  103  9:34  SCV  
  103  9:35  SCV  
  91  9:56  Marine, Marauder  
  91  9:57  Barracks Reactor, Barracks Tech Lab, Marine  
  91  9:59  SCV x3  
  88  10:11  SCV  
  89  10:17  Marauder  
  75  10:31  SCV x2  
  75  10:33  Marine  
  75  10:34  Marine x2  
  73  10:42  Marine  
  57  10:55  Marauder  
  57  10:56  Marine x2  
  57  10:57  Marine  
  56  11:00  Marauder  
  56  11:08  Marine  
  57  11:14  Marine x3  
  41  11:19  Marine  
  41  11:21  SCV x2, Marauder  
  40  11:26  Marine  
  40  11:31  Marine  
  42  11:33  SCV  
  42  11:34  SCV  
Show
View Real Time Build Order
Export as new Build Order

Javert Zerg - Winner!

Build Orders: Hatch First 

Get SALT Encoding   

  12  0:01  Drone  
  13  0:13  Overlord  
  13  0:18  Drone  
  14  0:32  Drone x2  
  16  0:37  Drone  
  17  0:58  Hatchery  
  17  1:03  Drone  
  17  1:05  Drone, Extractor  
  17  1:18  Drone  
  17  1:22  Spawning Pool  
  17  1:24  Drone  
  18  1:33  Drone  
  19  1:41  Drone  
  20  1:54  Drone  
  20  1:58  Extractor  
  20  2:02  Drone  
  21  2:11  Metabolic Boost  
  21  2:12  Queen x2  
  21  2:15  Overlord  
  25  2:18  Zergling x2  
  27  2:22  Zergling x2  
  27  2:29  Drone  
  28  2:35  Drone x2  
  30  2:47  Drone x2  
  30  2:49  Queen  
  34  3:05  Drone x2  
  35  3:39  Drone  
  35  3:40  Overlord  
  36  3:56  Overlord x2  
  36  4:03  Drone  
  36  4:04  Drone x7  
  44  4:10  Lair  
  44  4:11  Extractor  
  44  4:13  Drone  
  44  4:18  Hatchery  
  44  4:19  Zergling x2  
  44  4:27  Hatchery  
  44  4:28  Overlord  
  43  4:35  Roach Warren  
  43  4:36  Drone x3  
  43  4:37  Overlord  
  43  4:38  Extractor  
  44  4:39  Extractor  
  44  4:42  Evolution Chamber  
  44  4:44  Drone  
  44  4:45  Drone x2  
  45  4:52  Drone  
  46  5:01  Drone x4  
  50  5:07  Evolution Chamber  
  50  5:10  Overlord  
  49  5:15  Zerg Missile Weapons Level 1  
  49  5:17  Hydralisk Den  
  49  5:18  Overseer  
  49  5:21  Drone x5  
  53  5:40  Drone x6  
  59  5:45  Lurker Den  
  59  5:46  Overlord x2, Zerg Ground Armor Level 1  
  57  5:50  Glial Reconstitution  
  57  5:55  Drone  
  57  5:56  Drone x4  
  62  6:04  Queen  
  62  6:07  Overlord x3, Extractor  
  62  6:10  Extractor  
  62  6:14  Roach x3  
  62  6:15  Roach  
  62  6:17  Roach  
  72  6:32  Spore Crawler  
  65  6:37  Ravager  
  65  6:56  Drone  
  65  6:57  Drone x11  
  77  7:03  Hydralisk  
  77  7:04  Hydralisk x3  
  85  7:12  Spore Crawler  
  85  7:14  Spore Crawler  
  85  7:15  Spore Crawler, Drone x4  
  86  7:19  Overseer x2  
  86  7:29  Drone  
  90  7:30  Drone x7  
  90  7:33  Overlord  
  94  7:37  Zerg Missile Weapons Level 2  
  94  7:40  Lurker  
  94  7:41  Lurker  
  94  7:42  Lurker  
  97  7:52  Zergling x16  
  97  7:55  Drone x3  
  104  8:21  Roach x4  
  104  8:26  Overlord  
  104  8:27  Overlord  
  112  8:28  Overlord  
  112  8:34  Spore Crawler  
  110  8:49  Roach  
  110  8:50  Roach x11  
  134  8:57  Overlord x2  
  134  8:58  Overlord x2  
  134  9:04  Overlord  
  134  9:09  Overlord x2  
  134  9:10  Spine Crawler, Hydralisk  
  134  9:11  Spine Crawler  
  134  9:17  Zerg Ground Armor Level 2  
  131  9:27  Roach x4  
  131  9:28  Roach x8  
  155  9:33  Ravager x7  
  155  9:34  Ravager x3  
  165  9:41  Overseer x2  
  155  9:56  Roach x2  
  155  9:57  Roach x8  
  153  10:29  Roach  
  153  10:30  Roach x14  
  162  10:55  Zergling x18  
  162  10:56  Zergling x12  
  165  11:05  Hydralisk x4  
  168  11:23  Zergling x2  
  168  11:24  Zergling x18  
Tags
 
Add a new tag
Caveats
  • Supply blocks, unpowered buildings, or Contaminate may cause inaccurate times.
  • Supply counts are checked every 10 seconds.